 Dungeon Crawl Stone Soup version 0.22.0-49-gab54619674 (webtiles) character file.

35 megadron1122 the Slasher (level 3, 0/30 HPs)
             Began as a Minotaur Gladiator on Sept 8, 2018.
             Slain by an orc
             ... wielding a +0 mace
              (6 damage)
             ... on level 3 of the Dungeon.
             The game lasted 00:17:14 (1614 turns).

megadron1122 the Slasher (Minotaur Gladiator)       Turns: 1614, Time: 00:17:21

Health: 0/30       AC:  2    Str: 19    XL:     3   Next: 16%
Magic:  2/2        EV: 12    Int:  5    God:
Gold:   119        SH:  3    Dex: 11    Spells: 2/2 levels left

rFire    + . .     SeeInvis .   a - +0 long sword
rCold    x . .     Gourm    .   o - +0 buckler
rNeg     . . .     Faith    .   n - +0 robe
rPois    .         Spirit   .   c - +0 hat
rElec    .         Reflect  .   (no cloak)
rCorr    .         Harm     .   (no gloves)
MR       .....     Rnd*Tele +   (no boots)
Stlth    +.........             (no amulet)
HPRegen  0.10/turn              j - ring of teleportation
MPRegen  0.08/turn              h - ring of fire

@: no status effects
A: retaliatory headbutt, horns 2
a: no special abilities


You were on level 3 of the Dungeon.
You were very hungry.

You visited 1 branch of the dungeon, and saw 3 of its levels.

You collected 119 gold pieces.

Inventory:

Hand Weapons
 a - a +0 long sword (weapon)
Missiles
 d - 5 throwing nets (quivered)
Armour
 b - a +0 leather armour
 c - a +0 hat (worn)
 k - a +0 leather armour
 n - a +0 robe (worn)
 o - a +0 buckler (worn)
Jewellery
 h - a ring of fire (right hand)
 j - a ring of teleportation (left hand)
Scrolls
 e - 2 scrolls of remove curse
 g - a scroll of teleportation
Potions
 i - 2 potions of cancellation
Comestibles
 f - 5 rations


   Skills:
 + Level 2.7 Fighting
 + Level 4.4 Long Blades
 + Level 2.1 Throwing
 + Level 3.8 Dodging
 + Level 0.2 Stealth


You had 2 spell levels left.
You didn't know any spells.
Your spell library contained the following spells:

 Spells                   Type           Power        Failure   Level  Hunger
 Magic Dart               Conj           #...         65%         1    ##.....
 Blink                    Tloc           N/A          80%         2    ###....
 Call Imp                 Summ           #.......     80%         2    ###....
 Slow                     Hex            #.......     80%         2    ###....
 Conjure Flame            Conj/Fire      #.......     95%         3    ####...
 Mephitic Cloud           Conj/Pois/Air  #.......     95%         3    ####...


Dungeon Overview and Level Annotations

Branches:
Dungeon (3/15)

Altars:
Okawaru


Innate Abilities, Weirdness & Mutations

You reflexively headbutt those who attack you in melee.
You have a pair of horns on your head.


Message History

The orc misses you. You furiously retaliate!
You headbutt the orc!
You kill the orc!
You hear some strange, mumbled words.
You block the orc's attack.
Things that are here:
a flail; a chain mail; an orc corpse You hit the ooze.
The ooze is heavily wounded.
The ooze hits you. The orc misses you.
You hit the ooze.
The ooze is almost dead.
The ooze hits you. The orc hits you with a mace.
You hit the ooze but do no damage. Your headbutt misses the ooze.
The ooze is almost dead.
The ooze hits you.
* * * LOW HITPOINT WARNING * * *
Something hits you.
* * * LOW HITPOINT WARNING * * *
The orc hits you with a mace.
You die...

... #...##
... #...#.
###
##...#.##
##
........#
#.
......?.#
#.
.......>#
#.
#>..#.o###
#.
#.....J@.#
#.
........#.#
#.
....###.#.#
#. ###
#.#.# #.
#.#.# #.
#.#.# ###
##. $.#.#
#.. #..
###.# #(#
#.# #.# #.#
#.#


You could see an ooze and an orc.

Vanquished Creatures
  A worm (D:2)
  A dart slug (D:2)
  2 orcs (D:3)
  4 goblins
  4 hobgoblins
  4 kobolds
  2 ball pythons (D:2)
  3 bats (D:2)
  2 frilled lizards (D:2)
  5 rats
28 creatures vanquished.

Notes
Turn   | Place    | Note
-------+----------+-------------------------------------------
     0 | D:1      | megadron1122 the Minotaur Gladiator began the quest for the
                  | Orb.
     0 | D:1      | Reached XP level 1. HP: 18/18 MP: 0/0
   656 | D:2      | Reached skill level 4 in Long Blades
   656 | D:2      | Reached XP level 2. HP: 25/25 MP: 1/1
  1425 | D:3      | Found an iron altar of Okawaru.
  1519 | D:3      | Reached XP level 3. HP: 30/30 MP: 2/2
  1614 | D:3      | Slain by an orc

Skill      XL: |  1 |
---------------+----+-----
Long Blades    | 4 |  4.4
Fighting       | |  2.7
Throwing       | |  2.1
Dodging        | |  3.8
Stealth        | |  0.2

Action                   || total
-------------------------++-------
Melee: Long sword        ||    42
       Headbutt          ||     8
  Use: Scroll            ||     5
 Stab: Sleeping          ||     1
  Eat: Chunk             ||     1
Armor: Leather armour    ||     2
       Robe              ||     5
Dodge: Dodged            ||    30
Block: Buckler           ||     5
       Rpst.: Long sword ||     8
